| TOP OF THE 1ST |
|
Montreal Expos batting - Pitching for San Diego Padres : RHP Raymond Prince
|
|
Pitching: RHP Raymond Prince
|
|
|
Batting: LHB Duane Walker
|
0-0: Ball 1-0: Foul Ball, location: 2F 1-1: Foul Ball, location: 2F 1-2: Ball 2-2: Foul Ball, location: 2F 2-2: Ball 3-2: Foul Ball, location: 2F 3-2: Base on Balls
|
|
Batting: SHB Garry Templeton
|
0-0: Ball Duane Walker steals 2nd base 1-0: Ball 2-0: Ground out 4-3 (Groundball, 4, EV 84.4 MPH) Duane Walker to third
|
|
Batting: LHB Kirk Gibson
|
0-0: Swinging Strike 0-1: Ball 1-1: Ball 2-1: SINGLE (Groundball, 6MS, EV 72.5 MPH) (infield hit) Duane Walker scores
|
|
Batting: RHB Dale Murphy
|
0-0: Called Strike 0-1: Ball 1-1: Ball 2-1: Ball 3-1: Called Strike 3-2: Fly out, F9 (Flyball, 9, EV 90.6 MPH)
|
|
Batting: RHB Dave Winfield
|
0-0: Ball Kirk Gibson steals 2nd base (no throw) 1-0: Ball 2-0: Ball 3-0: Called Strike 3-1: SINGLE (Line Drive, 9S, EV 105.0 MPH) Kirk Gibson to third Runner from 3rd tries for Home, SAFE, throw by RF to home
|
|
Batting: LHB Timnothy Meyer
|
0-0: Ball 1-0: Swinging Strike 1-1: Called Strike 1-2: Ball 2-2: Strikes out swinging
|
| Top of the 1st over - 2 runs, 2 hits, 0 errors, 1 left on base; Montreal 2 - San Diego 0 |
| BOTTOM OF THE 1ST |
|
San Diego Padres batting - Pitching for Montreal Expos : LHP Frank Tanana
|
|
Pitching: LHP Frank Tanana
|
|
|
Batting: RHB Bob Dernier
|
0-0: Bunt for hit to 23 - play at first, batter OUT! 3-4
|
|
Batting: RHB Dave Edler
|
0-0: Ball 1-0: Ball 2-0: Called Strike 2-1: Ball 3-1: Base on Balls
|
|
Batting: RHB Dennis Dungy
|
0-0: Called Strike 0-1: Ball 1-1: Ball 2-1: SINGLE (Groundball, 6S, EV 70.0 MPH) (infield hit) Dave Edler to second
|
|
Batting: RHB Kelvin Moore
|
0-0: Swinging Strike 0-1: Ground out 6-3 (Groundball, 6M, EV 105.0 MPH) Dave Edler to third Dennis Dungy to second
|
|
Batting: LHB Jerry McDonald
|
0-0: Called Strike 0-1: Ball 1-1: Ball 2-1: 3-RUN HOME RUN (Flyball, 9LD, EV 105.0 MPH), Distance : 364 ft
|
|
Batting: RHB Heriberto Soltero
|
0-0: Ball 1-0: Ground out 5-3 (Groundball, 56, EV 95.6 MPH)
|
| Bottom of the 1st over - 3 runs, 2 hits, 0 errors, 0 left on base; Montreal 2 - San Diego 3 |
| TOP OF THE 2ND |
|
Montreal Expos batting - Pitching for San Diego Padres : RHP Raymond Prince
|
|
Batting: LHB Ernesto Quevedo
|
0-0: Called Strike 0-1: Called Strike 0-2: Foul Ball, location: 2F 0-2: Foul Ball, location: 2F 0-2: Ball 1-2: Ball 2-2: Foul Ball, location: 2F 2-2: Foul Ball, location: 2F 2-2: Ground out 4-3 (Groundball, 4M, EV 101.3 MPH)
|
|
Batting: SHB Biff Pocoroba
|
0-0: Called Strike 0-1: SINGLE (Groundball, 4S, EV 63.8 MPH) (infield hit)
|
|
Batting: LHB Frank Tanana
|
0-0: Sac Bunt to 5S - play at first, batter OUT! 5-4 Biff Pocoroba to second
|
|
Batting: LHB Duane Walker
|
0-0: Swinging Strike 0-1: Ball 1-1: Foul Ball, location: 2F 1-2: Foul Ball, location: 2F 1-2: Foul Ball, location: 2F 1-2: Ball 2-2: Foul Ball, location: 2F 2-2: Strikes out looking
|
| Top of the 2nd over - 0 runs, 1 hit, 0 errors, 1 left on base; Montreal 2 - San Diego 3 |
| BOTTOM OF THE 2ND |
|
San Diego Padres batting - Pitching for Montreal Expos : LHP Frank Tanana
|
|
Batting: RHB Eddy Martinez
|
0-0: Fly out, F9 (Flyball, 89M, EV 94.4 MPH)
|
|
Batting: LHB Jeffrey Zitek
|
0-0: Swinging Strike 0-1: Ground out 6-3 (Groundball, 6M, EV 80.0 MPH)
|
|
Batting: RHB Raymond Prince
|
0-0: Ball 1-0: Ground out 5-3 (Groundball, 56S, EV 65.6 MPH)
|
| Bottom of the 2nd over - 0 runs, 0 hits, 0 errors, 0 left on base; Montreal 2 - San Diego 3 |
| TOP OF THE 3RD |
|
Montreal Expos batting - Pitching for San Diego Padres : RHP Raymond Prince
|
|
Batting: SHB Garry Templeton
|
0-0: Ball 1-0: Called Strike 1-1: Fly out, F6 (Popup, 6MS, EV 68.1 MPH)
|
|
Batting: LHB Kirk Gibson
|
0-0: Ball 1-0: Ball 2-0: Called Strike 2-1: Ground out 3-1 (Groundball, 34S, EV 74.4 MPH)
|
|
Batting: RHB Dale Murphy
|
0-0: Ball 1-0: Ball 2-0: SOLO HOME RUN (Flyball, 89XD, EV 101.3 MPH), Distance : 400 ft
|
|
Batting: RHB Dave Winfield
|
0-0: Ball 1-0: Foul Ball, location: 2F 1-1: Foul Ball, location: 2F 1-2: Ground out 4-3 (Groundball, 4, EV 83.8 MPH)
|
| Top of the 3rd over - 1 run, 1 hit, 0 errors, 0 left on base; Montreal 3 - San Diego 3 |
| BOTTOM OF THE 3RD |
|
San Diego Padres batting - Pitching for Montreal Expos : LHP Frank Tanana
|
|
Batting: RHB Bob Dernier
|
0-0: Called Strike 0-1: Fly out, F8 (Flyball, 8RM, EV 96.3 MPH)
|
|
Batting: RHB Dave Edler
|
0-0: Ball 1-0: Foul Ball, location: 2F 1-1: Swinging Strike 1-2: Ball 2-2: Ball 3-2: Base on Balls
|
|
Batting: RHB Dennis Dungy
|
0-0: Ball 1-0: Foul Ball, location: 2F 1-1: Ball 2-1: Ball 3-1: Swinging Strike 3-2: Fly out, F8 (Line Drive, 8LD, EV 106.9 MPH)
|
|
Batting: RHB Kelvin Moore
|
0-0: Called Strike Dave Edler is caught stealing 2nd base 2-4
|
| Bottom of the 3rd over - 0 runs, 0 hits, 0 errors, 0 left on base; Montreal 3 - San Diego 3 |
| TOP OF THE 4TH |
|
Montreal Expos batting - Pitching for San Diego Padres : RHP Raymond Prince
|
|
Batting: LHB Timnothy Meyer
|
0-0: Called Strike 0-1: Ball 1-1: Ground out 4-3 (Groundball, 4D, EV 82.5 MPH)
|
|
Batting: LHB Ernesto Quevedo
|
0-0: Ball 1-0: Ball 2-0: Ball 3-0: Called Strike 3-1: Foul Ball, location: 2F 3-2: Base on Balls
|
|
Batting: SHB Biff Pocoroba
|
0-0: Called Strike 0-1: Ball 1-1: Foul Ball, location: 2F 1-2: Ball 2-2: Ground out 6-3 (Groundball, P, EV 90.6 MPH) Ernesto Quevedo to second
|
|
Batting: LHB Frank Tanana
|
0-0: Ball 1-0: Foul Ball, location: 2F 1-1: Fly out, F8 (Flyball, 8LD, EV 103.1 MPH)
|
| Top of the 4th over - 0 runs, 0 hits, 0 errors, 1 left on base; Montreal 3 - San Diego 3 |
| BOTTOM OF THE 4TH |
|
San Diego Padres batting - Pitching for Montreal Expos : LHP Frank Tanana
|
|
Batting: RHB Kelvin Moore
|
0-0: Ball 1-0: SOLO HOME RUN (Flyball, 7D, EV 88.8 MPH), Distance : 396 ft
|
|
Batting: LHB Jerry McDonald
|
0-0: Swinging Strike 0-1: Called Strike 0-2: Foul Ball, location: 2F 0-2: Ground out 4-3 (Groundball, 4, EV 99.4 MPH)
|
|
Batting: RHB Heriberto Soltero
|
0-0: Ball 1-0: Foul Ball, location: 2F 1-1: Foul Ball, location: 2F 1-2: Ground out 6-3 (Groundball, 6, EV 96.9 MPH)
|
|
Batting: RHB Eddy Martinez
|
0-0: Ball 1-0: Called Strike 1-1: Ball 2-1: Swinging Strike 2-2: Strikes out swinging
|
| Bottom of the 4th over - 1 run, 1 hit, 0 errors, 0 left on base; Montreal 3 - San Diego 4 |
| TOP OF THE 5TH |
|
Montreal Expos batting - Pitching for San Diego Padres : RHP Raymond Prince
|
|
Batting: LHB Duane Walker
|
0-0: Ball 1-0: Ball 2-0: Called Strike 2-1: Called Strike 2-2: Strikes out looking
|
|
Batting: SHB Garry Templeton
|
0-0: Ball 1-0: Ball 2-0: Foul Ball, location: 2F 2-1: Ball 3-1: SINGLE (Flyball, 89S, EV 98.1 MPH)
|
|
Batting: LHB Kirk Gibson
|
0-0: Ball Garry Templeton is caught stealing 2nd base 2-6 1-0: Fly out, F9 (Line Drive, 89M, EV 100.0 MPH)
|
| Top of the 5th over - 0 runs, 1 hit, 0 errors, 0 left on base; Montreal 3 - San Diego 4 |
| BOTTOM OF THE 5TH |
|
San Diego Padres batting - Pitching for Montreal Expos : LHP Frank Tanana
|
|
Batting: LHB Jeffrey Zitek
|
0-0: Called Strike 0-1: Foul Ball, location: 2F 0-2: Ball 1-2: Ball 2-2: Strikes out looking
|
|
Batting: RHB Raymond Prince
|
0-0: Ball 1-0: Ball 2-0: Ball 3-0: Called Strike 3-1: Foul Ball, location: 2F 3-2: Fly out, F8 (Flyball, 8RD, EV 104.4 MPH)
|
|
Batting: RHB Bob Dernier
|
0-0: Ball 1-0: Ball 2-0: Ball 3-0: Base on Balls
|
|
Batting: RHB Dave Edler
|
0-0: Called Strike Bob Dernier steals 2nd base 0-1: Called Strike 0-2: Fly out, F8 (Line Drive, 8LM, EV 90.6 MPH)
|
| Bottom of the 5th over - 0 runs, 0 hits, 0 errors, 1 left on base; Montreal 3 - San Diego 4 |
| TOP OF THE 6TH |
|
Montreal Expos batting - Pitching for San Diego Padres : RHP Raymond Prince
|
|
Batting: RHB Dale Murphy
|
0-0: Ball 1-0: Called Strike 1-1: Ball 2-1: Ball 3-1: Ground out 6-3 (Groundball, 6D, EV 104.4 MPH)
|
|
Batting: RHB Dave Winfield
|
0-0: Ball 1-0: Reached on error, E9 (Flyball, 9D, EV 79.4 MPH)
|
|
Batting: LHB Timnothy Meyer
|
0-0: Ball 1-0: Called Strike 1-1: Ball 2-1: SINGLE (Groundball, 6MD, EV 103.8 MPH) Dave Winfield to third Runner from 3rd tries for Home, SAFE, throw by CF to home Timnothy Meyer to second
|
|
Batting: LHB Ernesto Quevedo
|
0-0: Swinging Strike 0-1: Called Strike 0-2: Ball 1-2: Ball 2-2: Foul Ball, location: 2F 2-2: Foul Ball, location: 2F 2-2: Ground out 4-3 (Groundball, 4MD, EV 81.9 MPH) Timnothy Meyer to third
|
|
Batting: SHB Biff Pocoroba
|
0-0: Intentional Walk
|
|
Batting: LHB Frank Tanana
|
0-0: Ball 1-0: Fly out, F7 (Flyball, 7S, EV 90.0 MPH)
|
| Top of the 6th over - 1 run, 1 hit, 1 error, 2 left on base; Montreal 4 - San Diego 4 |
| BOTTOM OF THE 6TH |
|
San Diego Padres batting - Pitching for Montreal Expos : LHP Frank Tanana
|
|
Batting: RHB Dennis Dungy
|
0-0: Swinging Strike 0-1: Swinging Strike 0-2: Strikes out swinging
|
|
Batting: RHB Kelvin Moore
|
0-0: Swinging Strike 0-1: Called Strike 0-2: Ball 1-2: Foul Ball, location: 2F 1-2: Foul Ball, location: 2F 1-2: Strikes out swinging
|
|
Batting: LHB Jerry McDonald
|
0-0: Ball 1-0: Ball 2-0: Foul Ball, location: 2F 2-1: Called Strike 2-2: Ground out 4-3 (Groundball, 4, EV 88.1 MPH)
|
| Bottom of the 6th over - 0 runs, 0 hits, 0 errors, 0 left on base; Montreal 4 - San Diego 4 |
| TOP OF THE 7TH |
|
Montreal Expos batting - Pitching for San Diego Padres : RHP Raymond Prince
|
|
Batting: LHB Duane Walker
|
0-0: Ball 1-0: DOUBLE (Flyball, 78XD, EV 99.4 MPH)
|
|
Batting: SHB Garry Templeton
|
0-0: Ball 1-0: Ball 2-0: Ground out 1-3 (Groundball, 23, EV 70.0 MPH) Duane Walker to third
|
|
Batting: LHB Kirk Gibson
|
0-0: Intentional Walk
|
|
Batting: RHB Dale Murphy
|
0-0: Ball Kirk Gibson is caught stealing 2nd base 2-4 1-0: Ball 2-0: Called Strike 2-1: Foul Ball, location: 2F 2-2: Fly out, F4 (Flyball, 34D, EV 87.5 MPH)
|
| Top of the 7th over - 0 runs, 1 hit, 0 errors, 1 left on base; Montreal 4 - San Diego 4 |
| BOTTOM OF THE 7TH |
|
San Diego Padres batting - Pitching for Montreal Expos : LHP Frank Tanana
|
|
Batting: RHB Heriberto Soltero
|
0-0: Foul Ball, location: 2F 0-1: Ball 1-1: Ball 2-1: Swinging Strike 2-2: Ball 3-2: Fly out, F2 (Popup, 23F, EV 80.0 MPH)
|
|
Batting: RHB Eddy Martinez
|
0-0: Foul Ball, location: 2F 0-1: Ball 1-1: Called Strike 1-2: Ball 2-2: Ball 3-2: Base on Balls
|
|
Batting: LHB Jeffrey Zitek
|
0-0: Ball Wild Pitch! Eddy Martinez to second 1-0: Fly out, F4 (Popup, 4S, EV 70.6 MPH)
|
|
Batting: RHB Raymond Prince
|
0-0: Ball 1-0: Swinging Strike 1-1: Ball 2-1: Ball 3-1: Ground out 6-3 (Groundball, 6, EV 91.9 MPH)
|
| Bottom of the 7th over - 0 runs, 0 hits, 0 errors, 1 left on base; Montreal 4 - San Diego 4 |
| TOP OF THE 8TH |
|
Montreal Expos batting - Pitching for San Diego Padres : RHP Raymond Prince
|
|
Batting: RHB Dave Winfield
|
0-0: Ground out 6-3 (Groundball, 6, EV 84.4 MPH)
|
|
Batting: LHB Timnothy Meyer
|
0-0: Called Strike 0-1: Ground out 5-3 (Groundball, 56, EV 106.3 MPH)
|
|
Batting: LHB Ernesto Quevedo
|
0-0: Called Strike 0-1: Ball 1-1: Reached on error, E8 (Line Drive, 8RD, EV 95.6 MPH)
|
|
Batting: SHB Biff Pocoroba
|
0-0: Called Strike 0-1: Ball Wild Pitch! Ernesto Quevedo to third 1-1: Ball 2-1: Called Strike 2-2: 2-RUN HOME RUN (Flyball, 89XD, EV 106.3 MPH), Distance : 417 ft
|
|
Batting: LHB Frank Tanana
|
0-0: Foul Ball, location: 2F 0-1: Ball 1-1: Ball 2-1: Ball 3-1: Base on Balls
|
|
Pitching: LHP Bill Travers
|
|
|
Batting: LHB Duane Walker
|
0-0: Called Strike 0-1: Ball 1-1: Called Strike 1-2: Ball 2-2: Single, Error in OF, E9, batter to second base (Groundball, 34D, EV 96.3 MPH) Frank Tanana to third
|
|
Batting: SHB Garry Templeton
|
0-0: Foul Ball, location: 2F 0-1: Ball 1-1: Fly out, F9 (Line Drive, 9, EV 90.6 MPH)
|
| Top of the 8th over - 2 runs, 2 hits, 2 errors, 2 left on base; Montreal 6 - San Diego 4 |
| BOTTOM OF THE 8TH |
|
San Diego Padres batting - Pitching for Montreal Expos : LHP Frank Tanana
|
|
Batting: RHB Bob Dernier
|
0-0: Ball 1-0: Swinging Strike 1-1: Ball 2-1: Ground out 5-3 (Groundball, 56S, EV 73.1 MPH)
|
|
Batting: RHB Dave Edler
|
0-0: Ball 1-0: SINGLE (Line Drive, 9LS, EV 91.3 MPH)
|
|
Batting: RHB Dennis Dungy
|
0-0: Foul Ball, location: 2F 0-1: Ball 1-1: Ball 2-1: Called Strike 2-2: Ball 3-2: Base on Balls Dave Edler to second
|
|
Batting: RHB Kelvin Moore
|
0-0: Called Strike 0-1: Foul Ball, location: 2F 0-2: Foul Ball, location: 2F 0-2: Fly out, F9 (Flyball, 9S, EV 85.6 MPH)
|
|
Pinch Hitting: RHB Tommy Curran
|
0-0: Ball 1-0: Ball 2-0: Ball Wild Pitch! Dave Edler to third Dennis Dungy to second 3-0: Ground out 4-3 (Groundball, 34, EV 98.1 MPH)
|
| Bottom of the 8th over - 0 runs, 1 hit, 0 errors, 2 left on base; Montreal 6 - San Diego 4 |
| TOP OF THE 9TH |
|
Montreal Expos batting - Pitching for San Diego Padres : LHP Bill Travers
|
|
Now in LF: Tommy Curran
|
|
|
Batting: LHB Kirk Gibson
|
0-0: Called Strike 0-1: SOLO HOME RUN (Flyball, 89XD, EV 99.4 MPH), Distance : 410 ft
|
|
Batting: RHB Dale Murphy
|
0-0: Called Strike 0-1: Foul Ball, location: 2F 0-2: Ball 1-2: Strikes out swinging, 2-3 out at first.
|
|
Batting: RHB Dave Winfield
|
0-0: Called Strike 0-1: Ball 1-1: Ball 2-1: Ground out U3 (Groundball, 3, EV 84.4 MPH)
|
|
Batting: LHB Timnothy Meyer
|
0-0: Ball 1-0: Ball 2-0: Ground out 4-3 (Groundball, 4, EV 90.0 MPH)
|
| Top of the 9th over - 1 run, 1 hit, 0 errors, 0 left on base; Montreal 7 - San Diego 4 |
|